 Dungeon Crawl Stone Soup version 0.31-a0-370-g25055926c8 (webtiles) character file.

Game seed: 7977481800608327155

104 Bnni the Shooter (level 4, -3/28 HPs)
             Began as a Tengu Hunter on July 29, 2023.
             Slain by a kobold brigand
             ... wielding a +0 whip
              (5 damage)
             ... in a sewer.
             The game lasted 00:04:09 (1788 turns).

Bnni the Shooter (Tengu Hunter)                     Turns: 1788, Time: 00:04:09

Health: -3/28      AC:  3    Str: 11    XL:     4   Next: 80%
Magic:  5/5        EV: 12    Int: 13    God:
Gold:   116        SH:  0    Dex: 18    Spells: 3/3 levels left

rFire   . . .        f - +1 dagger (venom)
rCold   . . .        (no shield)
rNeg    . . .        c - +0 leather armour
rPois   .            (helmet restricted)
rElec   .            (no cloak)
rCorr   .            (no gloves)
SInv    .            (boots unavailable)
Will    .....        (no amulet)
Stlth   +            (no ring)
HPRegen 0.24/turn    (no ring)
MPRegen 0.09/turn

%: no passive effects
@: very slow
A: beak, talons 3, clever 1
a: no special abilities


You were in a sewer.
You visited 1 branch of the dungeon, and saw 3 of its levels.
You also visited: Sewer.

You collected 116 gold pieces.

Inventory:

Hand Weapons
 a - a +0 shortbow
 f - a +1 dagger of venom (weapon)
Armour
 c - a +0 leather armour (worn)
Scrolls
 b - a scroll of butterflies
 e - a scroll of blinking {unknown}
 h - a scroll of fear {unknown}
 i - a scroll of identify {unknown}
Potions
 g - a potion of mutation


   Skills:
 + Level 3.1 Fighting
 * Level 5.6 Ranged Weapons
 - Level 2.5 Dodging
 - Level 1.5 Stealth


You had 3 spell levels left.
You didn't know any spells.
Your spell library was empty.

Dungeon Overview and Level Annotations

Branches:
Dungeon (3/15)              Sewer (1/1)

Altars:
Yredelemnul


Innate Abilities, Weirdness & Mutations

You have a beak for a mouth.
You have claws for feet.
Your mind is acute. (Int +4, Str/Dex -1)


Message History

Your unstable footing causes you to fumble your attack.
The kobold brigand barely misses you.
You closely miss the kobold brigand.
The kobold brigand is moderately wounded.
The kobold brigand hits you with a +0 whip.
* * * LOW HITPOINT WARNING * * *
Unknown command.
You miss the kobold brigand. Your kick misses the kobold brigand.
The kobold brigand is moderately wounded.
The kobold brigand splashes around in the water.
Unknown command.
You hit the kobold brigand but do no damage.
The kobold brigand is poisoned.
The kobold brigand is moderately wounded.
The kobold brigand barely misses you.
Unknown command.
You barely miss the kobold brigand. You peck the kobold brigand.
The kobold brigand is moderately wounded.
The kobold brigand splashes around in the water.
Unknown command.
Your unstable footing causes you to fumble your attack.
The kobold brigand hits you but does no damage.
Unknown command.
Unknown command.
Your unstable footing causes you to fumble your attack.
The kobold brigand hits you with a +0 whip!
* * * LOW HITPOINT WARNING * * *
Unknown command.
You hit the kobold brigand but do no damage.
You claw the kobold brigand, but do no damage.
Your peck misses the kobold brigand.
The kobold brigand is moderately wounded.
The kobold brigand closely misses you.
Unknown command.
Okay, then.
You hit the kobold brigand.
The kobold brigand looks even sicker.
Your peck misses the kobold brigand.
The kobold brigand is heavily wounded.
The kobold brigand hits you with a +0 whip.
You die...

#.# #~# #.# #~#
##.## ##~## ##...##
##.~~## #
#....~####.....#####
#...~.~~~~~~~.~≈≈≈≈≈
#..~.~####...~~##≈##
##.~.## ##~~.### ##
##@## ##≈## #K# #≈#
#w# #≈# #~# #≈# #†#
#≈# ~.~ ~~~ ... ~..


You could see a kobold brigand (very poisoned) and a worm.

Vanquished Creatures
  3 adders
  A river rat (D:3)
  A worm (Sewer)
  4 ball pythons
  6 endoplasms
  4 giant cockroaches
  3 goblins
  3 hobgoblins
  10 jackals
  4 quokkas
  3 bats
  2 frilled lizards (D:1)
  6 kobolds
  11 rats
61 creatures vanquished.

Notes
Turn   | Place    | Note
-------+----------+-------------------------------------------
     0 | D:1      | Bnni the Tengu Hunter began the quest for the Orb.
     0 | D:1      | Reached XP level 1. HP: 12/12 MP: 2/2
   157 | D:1      | Reached XP level 2. HP: 17/17 MP: 3/3
   634 | D:2      | Reached XP level 3. HP: 22/22 MP: 4/4
   805 | D:2      | Reached skill level 5 in Ranged Weapons
  1278 | D:3      | Found a basalt altar of Yredelemnul.
  1358 | D:3      | Reached XP level 4. HP: 12/27 MP: 5/5
  1697 | D:3      | Found a glowing drain.
  1707 | Sewer    | Entered a sewer
  1765 | Sewer    | Noticed a kobold brigand
  1775 | Sewer    | Gained mutation: Your muscles are strong. (Str +4, Int/Dex
                  | -1) [potion of mutation]
  1775 | Sewer    | Lost mutation: Your muscles are strong. (Str +4, Int/Dex
                  | -1) [potion of mutation]
  1775 | Sewer    | Gained mutation: Your mind is acute. (Int +4, Str/Dex -1)
                  | [potion of mutation]
  1786 | Sewer    | HP: 1/28 [kobold brigand/+0 whip (8)]
  1788 | Sewer    | Slain by a kobold brigand

Illustrated notes

Levels and vault maps discovered:
D:1:      dpeg_arrival_tiny_h, layout_loops_ring
D:2:      layout_loops_ring, minmay_misc_feat_more_columns
D:3:      layout_loops_ring, general_overflow_altar, jmf_multi_god_temple,
          gup_sewer_entry_bubbles, hellmonk_ecumenical_altar_prayer_group,
          small_statue_intersection, minmay_misc_feat_iff, uniq_natasha
Sewer:    sewer_co_15_rooms

Skill      XL: |  1  2  3  4 |
---------------+-------------+-----
Ranged Weapons | 5 |  5.6
Fighting       | 3 |  3.1
Dodging        | |  2.5
Stealth        | |  1.5

Action                     |  1- 3 |  4- 6 || total
---------------------------+-------+-------++-------
  Melee: Dagger            |     3 |    10 ||    13
         Kick              |     2 |     1 ||     3
         Peck              |       |     1 ||     1
   Fire: Shortbow          |   110 |    67 ||   177
    Use: Potion            |       |     3 ||     3
 Armour: Leather armour    |    17 |     6 ||    23
  Dodge: Dodged            |    43 |    19 ||    62

Table legend: (Time is in decaauts)
 A = Elapsed time spent in this place.
 B = Non-inter-level travel time spent in this place.
 C = Inter-level travel time spent in this place.
 D = Time resting spent in this place.
 E = Time spent auto-exploring this place.
 F = Levels seen in this place.
 G = Mean time per level.
                   A        B        C        D        E       F      G
               +--------+--------+--------+--------+--------+-----+--------+
         Total |   1848 |   1837 |     11 |      9 |   1463 |   4 |  462.0 |
       Dungeon |   1751 |   1740 |     11 |      9 |   1416 |   3 |  583.7 |
         Sewer |     96 |     96 |      0 |      0 |     47 |   1 |   96.0 |
               +--------+--------+--------+--------+--------+-----+--------+

Top non-repeatable levels by time:
     D:2: 626 daAuts
     D:1: 609 daAuts
     D:3: 515 daAuts
   Sewer: 96 daAuts
